 Dungeon Crawl Stone Soup version 0.29-a0-581-ge9a90b782e (webtiles) character file.

Game seed: 8535604369598630316

250 Nedwor the Cudgeller (level 6, -2/48 HPs)
             Began as a Human Monk on June 14, 2022.
             Slain by a gnoll
             ... wielding a +0 spear
              (3 damage)
             ... on level 4 of the Dungeon.
             The game lasted 00:05:33 (4464 turns).

Nedwor the Cudgeller (Human Monk)                   Turns: 4464, Time: 00:05:34

Health: -2/48      AC:  7    Str: 14    XL:     6   Next: 35%
Magic:  6/6        EV: 12    Int: 10    God:
Gold:   88         SH:  0    Dex: 15    Spells: 5/5 levels left

rFire   . . .      SeeInvis .   h - +2 Maxwell's thermic engine {flame, freeze}
rCold   . . .      Faith    .   (no shield)
rNeg    . . .      Spirit   .   b - +0 ring mail
rPois   .          Reflect  .   (no helmet)
rElec   .          Harm     .   (no cloak)
rCorr   .          Rampage  .   (no gloves)
Will    .....                   e - +1 pair of boots
Stlth   +.........              (no amulet)
HPRegen 0.16/turn               (no ring)
MPRegen 0.10/turn               (no ring)

@: no status effects
A: no striking features
a: no special abilities


You were on level 4 of the Dungeon.
You visited 1 branch of the dungeon, and saw 4 of its levels.

You collected 88 gold pieces.

Inventory:

Hand Weapons
 h - the +2 Maxwell's thermic engine (weapon) {flame, freeze}
   (You found it on level 3 of the Dungeon)

   It burns those it strikes, dealing additional fire damage.
   Big, fiery blades are also staple armaments of hydra-hunters.
   It freezes those it strikes, dealing additional cold damage.
   It can also slow down cold-blooded creatures.
   It becomes more effective when it hits something.
   This effect fades over time.
Armour
 b - a +0 ring mail (worn)
 e - a +1 pair of boots (worn)
Jewellery
 g - an amulet of faith
Scrolls
 a - a scroll of enchant armour
 c - 2 scrolls of identify
 d - a scroll of blinking {unknown}
 f - a scroll of fog
 n - a scroll of silence {unknown}
 p - a scroll of brand weapon {unknown}
Potions
 i - a potion of mutation {unknown}
 j - a potion of might {unknown}
 k - a potion of heal wounds
 l - 2 potions of degeneration
 m - a potion of brilliance
 o - a potion of lignification {unknown}


   Skills:
 + Level 3.9 Fighting
 * Level 1.8 Long Blades
 - Level 4.3 Maces & Flails
 + Level 2.3 Armour
 + Level 3.9 Dodging
 - Level 2.0 Stealth


You had 5 spell levels left.
You didn't know any spells.
Your spell library contained the following spells:

 Spells                   Type           Power      Damage    Failure   Level
 Beastly Appendage        Tmut           0%         N/A       58%         1
 Wereblood                Tmut           0%         N/A       75%         2
 Gell's Gravitas          Tloc           0%         N/A       92%         3
 Spider Form              Tmut/Pois      0%         N/A       92%         3
 Teleport Other           Tloc           0%         N/A       92%         3
 Dispersal                Tloc           0%         N/A       100%        6


Dungeon Overview and Level Annotations

Branches:
Dungeon (4/15)
 Temple: D:4-7

Altars:

Shops:
D:2 (


Message History

A gnoll comes into view. It is wielding a +0 spear.
The kobold brigand closely misses you. The gnoll hits you with a +0 flail.
Things that are here:
a +0 short sword; 4 stones You slash the kobold brigand!
You burn the kobold brigand. You freeze the kobold brigand.
The kobold brigand is severely wounded.
The kobold brigand hits you but does no damage.
The gnoll hits you with a +0 flail!
The kobold brigand hits you but does no damage.
The gnoll hits you from afar with a +0 spear.
The gnoll barely misses you.
You slash the kobold brigand! You burn the kobold brigand.
You kill the kobold brigand!
The gnoll hits you from afar with a +0 spear.
Your Long Blades skill increases to level 1!
You have reached level 6!
You hit the gnoll. You burn the gnoll. You freeze the gnoll.
The gnoll is severely wounded.
The gnoll barely misses you. The gnoll closely misses you.
The gnoll barely misses you. The gnoll closely misses you.
The gnoll hits you with a +0 spear.
Unknown command.
The gnoll hits you with a +0 flail!
* * * LOW HITPOINT WARNING * * *
The gnoll hits you with a +0 spear.
* * * LOW HITPOINT WARNING * * *
You barely miss the gnoll. The gnoll hits you with a +0 spear.
* * * LOW HITPOINT WARNING * * *
The gnoll hits you with a +0 flail.
* * * LOW HITPOINT WARNING * * *
The gnoll completely misses you.
The gnoll hits you from afar with a +0 spear.
* * * LOW HITPOINT WARNING * * *
The gnoll misses you.
You slash the gnoll! You burn the gnoll.
You kill the gnoll!
The gnoll hits you but does no damage. x2
The gnoll hits you with a +0 spear.
You die...

...... #..# #...
...... #..# ...
......##$.###.. #.
..............# #...
..............#.....
.........##.... ..#
..$.##<#.#..# ...##
..........#g.#.....#
.....#....)@........
.... #..............
....................
.....#.........##...
..<..........#... ..
............#......
.......#....#.###.
.....#...#..# ...
...###


You could see a gnoll.

Vanquished Creatures
  A kobold brigand (D:4)
  A hound (D:3)
  A gnoll (D:4)
  8 adders
  2 worms (D:2)
  A dart slug (D:2)
  5 orcs (D:3)
  4 ball pythons
  5 endoplasms
  4 giant cockroaches
  3 goblins (D:2)
  4 hobgoblins
  5 jackals
  6 kobolds
  A quokka (D:2)
  5 frilled lizards
  4 rats
  A bush (D:1)
61 creatures vanquished.

Notes
Turn   | Place    | Note
-------+----------+-------------------------------------------
     0 | D:1      | Nedwor the Human Monk began the quest for the Orb.
     0 | D:1      | Reached XP level 1. HP: 18/18 MP: 1/1
   144 | D:1      | Reached XP level 2. HP: 8/24 MP: 2/2
  1324 | D:2      | Reached XP level 3. HP: 8/29 MP: 3/3
  1622 | D:2      | Found a faded altar of an unknown god.
  1636 | D:2      | Reached skill level 1 in Armour
  2321 | D:2      | Reached XP level 4. HP: 27/35 MP: 4/4
  2597 | D:2      | Found Oshraj Jeag's Weapon Boutique.
  3158 | D:3      | Reached skill level 4 in Maces & Flails
  3550 | D:3      | Reached XP level 5. HP: 29/41 MP: 5/5
  3856 | D:3      | Found the +2 Maxwell's thermic engine {flame, freeze}
  4453 | D:4      | Noticed a kobold brigand
  4456 | D:4      | Killed a kobold brigand
  4457 | D:4      | Reached skill level 1 in Long Blades
  4457 | D:4      | Reached XP level 6. HP: 24/48 MP: 6/6
  4460 | D:4      | HP: 2/48 [gnoll/+0 flail (4)]
  4464 | D:4      | Slain by a gnoll

Illustrated notes

Levels and vault maps discovered:
D:1:      minmay_arrival_solitary_statue, layout_basic, serial_forest,
          infiniplex_forest_end_2, infiniplex_forest_diagonal,
          infiniplex_forest_straight_4, infiniplex_forest_straight_2,
          infiniplex_forest_clump_cross
D:2:      layout_basic, serial_shops, shop_statue, basic_ecumenical_altar
D:3:      layout_basic, minmay_quantized
D:4:      layout_cave_pools, uniq_natasha

Skill      XL: |  1  2  3  4  5 |
---------------+----------------+-----
Armour         | 1 2 |  2.3
Maces & Flails | 4 |  4.3
Long Blades    | 1 |  1.8
Fighting       | |  3.9
Dodging        | |  3.9
Stealth        | |  2.0

Action                   |  1- 3 |  4- 6 || total
-------------------------+-------+-------++-------
Melee: Mace              |   241 |   148 ||   389
       Punch             |     5 |       ||     5
       Double sword      |       |    18 ||    18
  Use: Potion            |       |     1 ||     1
       Scroll            |       |     9 ||     9
 Stab: Sleeping          |     2 |     1 ||     3
Armor: Robe              |     8 |       ||     8
       Ring mail         |    17 |    86 ||   103
       Leather armour    |     1 |       ||     1
Dodge: Dodged            |    60 |   136 ||   196

Table legend: (Time is in decaauts)
 A = Elapsed time spent in this place.
 B = Non-inter-level travel time spent in this place.
 C = Inter-level travel time spent in this place.
 D = Time resting spent in this place.
 E = Time spent auto-exploring this place.
 F = Levels seen in this place.
 G = Mean time per level.
                   A        B        C        D        E       F      G
               +--------+--------+--------+--------+--------+-----+--------+
         Total |   4559 |   4393 |    166 |    620 |   2939 |   4 | 1139.8 |
       Dungeon |   4559 |   4393 |    166 |    620 |   2939 |   4 | 1139.8 |
               +--------+--------+--------+--------+--------+-----+--------+

Top non-repeatable levels by time:
     D:2: 1852 daAuts
     D:1: 1351 daAuts
     D:3: 1337 daAuts
     D:4: 18 daAuts
